 Dungeon Crawl Stone Soup version 0.29-a0-334-gb41bcbb86e (webtiles) character file.

Game seed: 17494174507111775506

11 rageheart7 the Poker (level 2, -4/28 HPs)
             Began as a Naga Monk on Apr 14, 2022.
             Slain by a hobgoblin (5 damage)
             ... on level 1 of the Dungeon.
             The game lasted 00:00:36 (409 turns).

rageheart7 the Poker (Naga Monk)                     Turns: 409, Time: 00:00:37

Health: -4/28      AC:  1    Str: 13    XL:     2   Next: 25%
Magic:  2/2        EV: 10    Int: 10    God:
Gold:   0          SH:  0    Dex: 13    Spells: 1/1 levels left

rFire   . . .      SeeInvis +   a - +0 spear
rCold   . . .      Faith    .   (no shield)
rNeg    . . .      Spirit   .   b - +0 robe
rPois   +          Reflect  .   (no helmet)
rElec   .          Harm     .   (no cloak)
rCorr   .          Rampage  .   (no gloves)
Will    .....                   (no barding)
Stlth   ++........              (no amulet)
HPRegen 0.09/turn               (no ring)
MPRegen 0.08/turn               (no ring)

@: short of breath, very slow
A: AC +0, large, see invisible, deformed body, poison resistance, slowness 2,
spit poison 1, naga tail 1
a: Spit Poison


You were on level 1 of the Dungeon.
You visited 1 branch of the dungeon, and saw 1 of its levels.

Inventory:

Hand Weapons
 a - a +0 spear (weapon)
Armour
 b - a +0 robe (worn)
Jewellery
 e - a ring of fire
Scrolls
 f - a scroll of noise {unknown}
 g - a scroll of holy word {unknown}
Potions
 c - a potion of ambrosia
 d - a potion of flight {unknown}


   Skills:
 * Level 3.3 Fighting
 * Level 3.3 Polearms
 - Level 2.4 Dodging
 - Level 3.0 Stealth


You had one spell level left.
You didn't know any spells.
Your spell library was empty.

Dungeon Overview and Level Annotations

Branches:
Dungeon (1/15)

Altars:


Innate Abilities, Weirdness & Mutations

Your serpentine skin is tough. (AC +0)
You have supernaturally acute eyesight. (SInv)
Armour fits poorly on your strangely shaped body.
Your system is resistant to poisons. (rPois)
You cover ground very slowly.
You can spit poison.
You have a snake-like lower body.


Message History

A hobgoblin comes into view.
You barely miss the kobold. The kobold hits you with a +0 whip.
A hobgoblin comes into view.
The hobgoblin shouts!
The kobold shouts!
You hit the kobold.
The kobold is moderately wounded.
The kobold hits you with a +0 whip.
You hit the kobold.
The kobold is heavily wounded.
The kobold hits you with a +0 whip.
You hit the kobold.
You kill the kobold!
The hobgoblin hits you.
You hit the hobgoblin but do no damage. The hobgoblin barely misses you. x2
You hit the kobold but do no damage. The hobgoblin barely misses you.
The kobold misses you. The hobgoblin hits you.
The kobold attacks as you move away! The kobold hits you with a +0 dagger.
The kobold attacks as you move away! The kobold hits you with a +0 dagger.
The kobold attacks as you move away! The kobold closely misses you.
The hobgoblin hits you. The kobold hits you with a +0 dagger.
* * * LOW HITPOINT WARNING * * *
There is an open door here.
The hobgoblin attacks as you move away! The hobgoblin hits you.
* * * LOW HITPOINT WARNING * * *
The hobgoblin hits you.
* * * LOW HITPOINT WARNING * * *
The hobgoblin attacks as you move away! The hobgoblin closely misses you.
The hobgoblin attacks as you move away! The hobgoblin hits you.
* * * LOW HITPOINT WARNING * * *
The hobgoblin barely misses you.
Aiming: Spit Poison (2% risk of failure)
Press: ? - help, Q - select action Shift-Dir - straight line, f - hobgoblin
Aim: a hobgoblin (59% to hit)
The splash of poison hits the hobgoblin.
The hobgoblin is heavily wounded.
The hobgoblin barely misses you.
You hit the hobgoblin.
The hobgoblin is severely wounded.
The hobgoblin hits you.
You die...

#.....# #.#
#.....###.#
#.........#
#.........#
#.........#
#.##......#
#.........#
##........#######
######.......gKg@...#
.....÷.......######.#
######....#'### §≈#
#.###....# §.+
..........# §≈#
..........# ≈≈#
........).# .≈#
..........# §§+
..........$


You could see 2 hobgoblins and a kobold.

Vanquished Creatures
  A ball python (D:1)
  An endoplasm (D:1)
  A hobgoblin (D:1)
  4 jackals (D:1)
  A kobold (D:1)
8 creatures vanquished.

Notes
Turn   | Place    | Note
-------+----------+-------------------------------------------
     0 | D:1      | rageheart7 the Naga Monk began the quest for the Orb.
     0 | D:1      | Reached XP level 1. HP: 21/21 MP: 1/1
    47 | D:1      | Reached XP level 2. HP: 17/28 MP: 2/2
    57 | D:1      | HP: 1/28 [frozen (4)]
   404 | D:1      | HP: 1/28 [hobgoblin (4)]
   409 | D:1      | Slain by a hobgoblin

Illustrated notes

Levels and vault maps discovered:
D:1:      ncdulo_lavacross, layout_basic, minmay_pentomino_r4

Action                   || total
-------------------------++-------
Melee: Spear             ||    37
 Abil: Spit Poison       ||     1
Armor: Robe              ||     5
Dodge: Dodged            ||    24

Table legend: (Time is in decaauts)
 A = Elapsed time spent in this place.
 B = Non-inter-level travel time spent in this place.
 C = Inter-level travel time spent in this place.
 D = Time resting spent in this place.
 E = Time spent auto-exploring this place.
 F = Levels seen in this place.
 G = Mean time per level.
                   A        B        C        D        E       F      G
               +--------+--------+--------+--------+--------+-----+--------+
         Total |    434 |    434 |      0 |      0 |    368 |   1 |  434.0 |
       Dungeon |    434 |    434 |      0 |      0 |    368 |   1 |  434.0 |
               +--------+--------+--------+--------+--------+-----+--------+

Top non-repeatable levels by time:
     D:1: 434 daAuts
